 Dungeon Crawl Stone Soup version 0.26-a0-642-g67e99244d3 (webtiles) character file.

Game seed: 9963023386551566755

448 DogServant the Conjurer (level 7, -2/41 HPs)
             Began as a Gargoyle Conjurer on Sept 22, 2020.
             Was an Initiate of Vehumet.
             Hit by a boomerang thrown by an orc warrior (8 damage)
             ... on level 5 of the Dungeon.
             The game lasted 00:08:06 (4997 turns).

DogServant the Conjurer (Gargoyle Conjurer)         Turns: 4997, Time: 00:08:07

Health: -2/41      AC:  8    Str: 11    XL:     7   Next: 3%
Magic:  12/13      EV: 12    Int: 20    God:    Vehumet [......]
Gold:   172        SH:  0    Dex:  8    Spells: 4/14 levels left

rFire    x . .     SeeInvis .   d - +0 dagger
rCold    + . .     Faith    .   (no shield)
rNeg     + + .     Spirit   .   a - +0 robe
rPois    ∞         Reflect  .   (no helmet)
rElec    +         Harm     .   (no cloak)
rCorr    .         Rampage  .   t - +1 pair of gloves
MR       .....                  (no boots)
Stlth    ++........             (no amulet)
HPRegen  0.13/turn              c - ring of ice (curse)
MPRegen  0.13/turn              l - ring of positive energy

@: no status effects
A: negative energy resistance 1, electricity resistance, unbreathing,
petrification resistance, rot immunity, AC +4
a: Renounce Religion


You were on level 5 of the Dungeon.
You worshipped Vehumet.
Vehumet was noncommittal.
You visited 2 branches of the dungeon, and saw 6 of its levels.

You collected 217 gold pieces.
You spent 45 gold pieces at shops.

Inventory:

Hand Weapons
 d - a +0 dagger (weapon)
 g - a +0 dagger of speed
Armour
 a - a +0 robe (worn)
 t - a +1 pair of gloves (worn)
 v - a +0 buckler
Jewellery
 c - a cursed ring of ice (left hand)
 l - a ring of positive energy (right hand)
Scrolls
 b - 2 scrolls of identify
 h - a scroll of immolation
 i - a scroll of fog {unknown}
 k - 3 scrolls of teleportation {unknown}
 m - a scroll of remove curse {unknown}
 n - a scroll of amnesia {unknown}
 o - 2 scrolls of enchant weapon {unknown}
 p - 2 scrolls of enchant armour {unknown}
 u - a scroll of noise {unknown}
Potions
 e - 2 potions of heal wounds
 f - 2 potions of flight
 j - 4 potions of curing
 q - 2 potions of stabbing
 r - 2 potions of ambrosia {unknown}
 s - a potion of invisibility {unknown}


   Skills:
 - Level 3.0 Fighting
 - Level 1.5 Dodging
 - Level 2.3 Stealth
 + Level 1.6 Shields
 + Level 4.2 Spellcasting
 + Level 6.2 Conjurations
 + Level 1.2 Hexes


You had 4 spell levels left.
You knew the following spells:

 Your Spells              Type           Power        Failure   Level
a - Magic Dart            Conj           ####         1%          1
b - Searing Ray           Conj           ####..       1%          2
c - Dazzling Flash        Conj/Hex       ###...       9%          3
d - Fulminant Prism       Conj/Hex       ###.......   26%         4

Your spell library contained the following spells:

 Spells                   Type           Power        Failure   Level
 Iskenderun's Mystic Bla  Conj/Tloc      ###.....     34%         4


Dungeon Overview and Level Annotations

Branches:
Dungeon (5/15)             Temple (1/1) D:5

Altars:
Ashenzari
Cheibriados
Dithmenos
Elyvilon
Fedhas
Gozag
Hepliaklqana
Kikubaaqudgha
Makhleb
Nemelex Xobeh
Okawaru
Qazlal
Ru
Sif Muna
Trog
Uskayaw
Vehumet
Wu Jian
Xom
Yredelemnul
Zin
The Shining One

Shops:
D:5 [


Innate Abilities, Weirdness & Mutations

You are resistant to torment.
Your stone body is resilient. (AC +4)
You are immune to poison.
You resist negative energy. (rN+)
You are resistant to electric shocks. (rElec)
You can survive without breathing.
You are immune to petrification.
You are immune to rotting.


Message History

The orc warrior throws a boomerang.
The boomerang barely misses you.
The weapon returns to the orc warrior!
The orc warrior throws a boomerang.
The boomerang misses you.
The weapon returns to the orc warrior!
The orc warrior throws a boomerang.
The boomerang barely misses you.
The weapon returns to the orc warrior!
The orc warrior throws a boomerang.
The boomerang hits you!
The weapon returns to the orc warrior!
The orc warrior throws a boomerang.
The boomerang hits you!
The weapon returns to the orc warrior!
The orc warrior throws a boomerang.
The boomerang hits you.
The weapon returns to the orc warrior!
The orc warrior throws a boomerang.
The boomerang hits you!
* * * LOW HITPOINT WARNING * * *
The weapon returns to the orc warrior!
The orc warrior throws a boomerang.
The boomerang hits you.
* * * LOW HITPOINT WARNING * * *
The weapon returns to the orc warrior!
The orc warrior throws a boomerang.
The boomerang hits you!
You die...

#............######
.###............'....
o...............#..##
............(.......##
...........##...#....#
..........#..#[#.....#
#......#....#.)#..#
#..$....#....##...#
#...@......>......#
....#####..##....#...#
... #.#..#....#..# ##
#....#.#..#.##
##..#...##..#
......... .##
.##....### ## ## ##


You could see an orc warrior.

Vanquished Creatures
  An ogre (D:4)
  A scorpion (D:5)
  A bullfrog zombie (D:5)
  An orc priest (D:3)
  A centaur skeleton (D:5)
  2 orc wizards (D:5)
  2 worker ants (D:4)
  2 adders
  An adder zombie (D:5)
  2 worms (D:3)
  3 dart slugs
  3 leopard geckos
  8 orcs
  5 bats
  6 giant cockroaches
  10 hobgoblins
  6 jackals
  2 quokkas
  4 ball pythons
  5 frilled lizards
  9 goblins
  A jackal skeleton (D:3)
  10 kobolds
  9 rats
95 creatures vanquished.

Vanquished Creatures (others)
  5 fungi (D:3)
  3 plants (D:3)
8 creatures vanquished.

Grand Total: 103 creatures vanquished

Notes
Turn   | Place    | Note
-------+----------+-------------------------------------------
     0 | D:1      | DogServant the Gargoyle Conjurer began the quest for the
                  | Orb.
     0 | D:1      | Reached XP level 1. HP: 10/10 MP: 3/3
   207 | D:1      | Reached XP level 2. HP: 13/15 MP: 0/5
  1042 | D:1      | Reached XP level 3. HP: 19/19 MP: 3/6
  1045 | D:1      | Found a shattered altar of Ashenzari.
  1177 | D:1      | Learned a level 2 spell: Searing Ray
  1181 | D:1      | Learned a level 3 spell: Dazzling Flash
  1280 | D:1      | Reached skill level 5 in Conjurations
  1749 | D:2      | Reached skill level 1 in Fighting
  1749 | D:2      | Reached XP level 4. HP: 25/25 MP: 3/8
  2150 | D:2      | Found a snail-covered altar of Cheibriados.
  2667 | D:3      | Found a blossoming altar of Fedhas.
  2776 | D:3      | Reached XP level 5. HP: 30/30 MP: 4/10
  3465 | D:4      | Noticed an ogre
  3470 | D:4      | Killed an ogre
  3470 | D:4      | Reached XP level 6. HP: 36/36 MP: 5/11
  4266 | D:5      | Entered Level 5 of the Dungeon
  4310 | D:5      | Found Zeroemmy's Armour Shop.
  4316 | D:5      | Bought a +0 buckler for 45 gold pieces
  4321 | D:5      | Learned a level 4 spell: Fulminant Prism
  4400 | D:5      | Reached skill level 6 in Conjurations
  4470 | D:5      | Reached skill level 1 in Shields
  4557 | D:5      | Reached skill level 1 in Hexes
  4724 | D:5      | Found a staircase to the Ecumenical Temple.
  4733 | Temple   | Entered the Ecumenical Temple
  4905 | Temple   | Became a worshipper of Vehumet
  4955 | D:5      | Reached XP level 7. HP: 41/41 MP: 9/13
  4997 | D:5      | Hit by a boomerang thrown by an orc warrior

Illustrated notes

Levels and vault maps discovered:
D:1:      nzn_arrival_crosshair, layout_basic, minmay_hexomino_r4
D:2:      layout_rooms, cheibriados_altar_1, minmay_circle_x
D:3:      layout_basic, kennysheep_path_1, fedhas_altar_3
D:4:      layout_basic, st_stairs_14
D:5:      layout_basic, minmay_temple_entry_mini_moons, serial_shops, shop
Temple:   minmay_crystal_snake_temple

Skill      XL: |  1  2  3  4  5  6 |
---------------+-------------------+-----
Conjurations   | 5 6 |  6.2
Fighting       | 1 2 3 |  3.0
Spellcasting   | 3 4 |  4.2
Shields        | 1 |  1.6
Hexes          | 1 |  1.2
Dodging        | |  1.5
Stealth        | |  2.3

Action                   |  1- 3 |  4- 6 |  7- 9 || total
-------------------------+-------+-------+-------++-------
Melee: Unarmed           |     1 |       |       ||     1
       Dagger            |    17 |     9 |       ||    26
 Cast: Magic Dart        |    70 |    81 |     1 ||   152
       Searing Ray       |       |    15 |       ||    15
  Use: Scroll            |       |     6 |       ||     6
Armor: Robe              |     8 |     9 |       ||    17
Dodge: Dodged            |    30 |     8 |     3 ||    41

Table legend: (Time is in decaauts)
 A = Elapsed time spent in this place.
 B = Non-inter-level travel time spent in this place.
 C = Inter-level travel time spent in this place.
 D = Time resting spent in this place.
 E = Time spent auto-exploring this place.
 F = Levels seen in this place.
 G = Mean time per level.
                   A        B        C        D        E       F      G
               +--------+--------+--------+--------+--------+-----+--------+
         Total |   4994 |   4770 |    224 |    329 |   4010 |   6 |  832.3 |
       Dungeon |   4783 |   4618 |    165 |    329 |   3878 |   5 |  956.6 |
        Temple |    211 |    152 |     59 |      0 |    132 |   1 |  211.0 |
               +--------+--------+--------+--------+--------+-----+--------+

Top non-repeatable levels by time:
     D:1: 1565 daAuts
     D:4: 1070 daAuts
     D:3: 975 daAuts
     D:2: 652 daAuts
     D:5: 519 daAuts
  Temple: 211 daAuts
